 Dungeon Crawl Stone Soup version 0.29-a0-330-g52719c12eb (webtiles) character file.

Game seed: 5208107947459930131

161 jmlagarto the Chiller (level 5, 0/28 HPs)
             Began as a Deep Elf Ice Elementalist on Apr 16, 2022.
             Killed from afar by a white imp (6 damage)
             ... with a puff of frost
             ... on level 5 of the Dungeon.
             The game lasted 00:05:06 (2197 turns).

jmlagarto the Chiller (Deep Elf Ice Elementalist)   Turns: 2197, Time: 00:05:07

Health: 0/28       AC: 10    Str:  5    XL:     5   Next: 19%
Magic:  6/14       EV: 13    Int: 22    God:
Gold:   177        SH:  0    Dex: 15    Spells: 6/13 levels left

rFire   . . .      SeeInvis .   e - +0 short sword
rCold   . . .      Faith    .   (no shield)
rNeg    . . .      Spirit   .   a - +0 robe
rPois   .          Reflect  .   (no helmet)
rElec   .          Harm     .   (no cloak)
rCorr   .          Rampage  .   i - +0 pair of gloves
Will    .....                   (no boots)
Stlth   ++........              (no amulet)
HPRegen 0.09/turn               (no ring)
MPRegen 0.14/turn               (no ring)

@: lethally poisoned (0 -> -1), ice-armoured, freezing walls
A: no striking features
a: no special abilities


You were on level 5 of the Dungeon.
You visited 1 branch of the dungeon, and saw 4 of its levels.

You collected 177 gold pieces.

Inventory:

Hand Weapons
 e - a +0 short sword (weapon)
Missiles
 l - 9 poisoned darts
 m - 4 javelins
 q - 2 throwing nets
Armour
 a - a +0 robe (worn)
 i - a +0 pair of gloves (worn)
Scrolls
 d - 2 scrolls of enchant armour {unknown}
 f - a scroll of teleportation {unknown}
 k - a scroll of noise {unknown}
 n - 2 scrolls of identify {unknown}
 o - a scroll of blinking {unknown}
Potions
 b - 2 potions of magic
 c - 2 potions of invisibility {unknown}
 g - 3 potions of heal wounds {unknown}
 h - a potion of ambrosia {unknown}
 j - a potion of brilliance {unknown}
 p - a potion of degeneration {unknown}


   Skills:
 + Level 4.1 Dodging
 - Level 3.0 Stealth
 + Level 4.7 Spellcasting
 + Level 5.4 Ice Magic


You had 6 spell levels left.
You knew the following spells:

 Your Spells              Type           Power      Damage    Failure   Level
a - Freeze                Ice            100%       1d11      1%          1
b - Frozen Ramparts       Ice            58%        1d7       3%          3
c - Ozocubu's Armour      Ice            29%        N/A       3%          3

Your spell library contained the following spells:

 Spells                   Type           Power      Damage    Failure   Level
 Summon Small Mammal      Summ           20%        N/A       11%         1
 Corpse Rot               Necr/Air       10%        N/A       16%         2
 Poisonous Vapours        Pois/Air       10%        N/A       16%         2
 Call Canine Familiar     Summ           5%         N/A       30%         3
 Stone Arrow              Conj/Erth      10%        3d7       30%         3
 Summon Guardian Golem    Hex/Summ       5%         N/A       30%         3
 Hailstorm                Conj/Ice       17%        3d6       34%         4
 Animate Armour           Summ/Erth      10%        N/A       71%         4
 Lehudib's Crystal Spear  Conj/Erth      2%         10d2      100%        8


Dungeon Overview and Level Annotations

Branches:
Dungeon (3/15)

Altars:


Message History

You freeze the white imp.
The white imp resists.
The white imp is moderately wounded.
The adder bites you but does no damage. The white imp gestures at you.
The puff of frost hits you.
You freeze the white imp.
The white imp resists.
The white imp is heavily wounded.
The adder closely misses you. The white imp hits you.
The white imp freezes you.
Casting: Freeze (safe; 1% risk of failure)
Confirm with . or Enter, or press ? or * to list all spells.
Casting: Frozen Ramparts (dangerous; 3% risk of failure)
Press: ? - help, Dir - look around, f - activate The walls around you are covered in ice.
The wall freezes the adder.
The adder seems to slow down.
The adder bites you.
You are poisoned.
The adder poisons you!
The white imp completely resists.
The wall freezes the white imp but does no damage.
The white imp barely misses you.
You are too injured to fight recklessly!
You feel sick.
The wall freezes the adder.
The adder bites you but does no damage.
The white imp resists.
The wall freezes the white imp.
The white imp closely misses you.
You are too injured to fight recklessly!
Casting: Frozen Ramparts (dangerous; 3% risk of failure)
Confirm with . or Enter, or press ? or * to list all spells.
A film of ice covers your body!
You feel sick.
The wall freezes the adder!
You kill the adder!
A worm comes into view.
The white imp completely resists.
The wall freezes the white imp but does no damage.
The white imp hits you but does no damage.
You are too injured to fight recklessly!
You closely miss the white imp.
The white imp is heavily wounded.
You feel sick.
The white imp completely resists.
The wall freezes the white imp but does no damage.
The white imp gestures at you. The puff of frost hits you.
You die...

. ###w#
####.....
#.....#
##†5...#
###.@#
##$..##
#..#.#
#.#..# #.
#.## #
#.# #.#
#.# #.#


You could see a worm (wandering) and a white imp.

Vanquished Creatures
  A sky beast (D:3)
  An adder (D:5)
  2 dart slugs (D:1)
  5 ball pythons
  4 bats
  5 endoplasms
  2 giant cockroaches (D:2)
  4 goblins
  7 hobgoblins
  4 jackals (D:2)
  3 kobolds
  A quokka (D:2)
  6 frilled lizards
  4 rats
49 creatures vanquished.

Vanquished Creatures (others)
  A frilled lizard (D:1)
1 creature vanquished.

Grand Total: 50 creatures vanquished

Notes
Turn   | Place    | Note
-------+----------+-------------------------------------------
     0 | D:1      | jmlagarto the Deep Elf Ice Elementalist began the quest for
                  | the Orb.
     0 | D:1      | Reached XP level 1. HP: 10/10 MP: 6/6
   178 | D:1      | Reached XP level 2. HP: 15/15 MP: 6/8
   652 | D:1      | Reached XP level 3. HP: 16/19 MP: 5/10
   747 | D:1      | Found a faded altar of an unknown god.
  1555 | D:2      | Learned a level 3 spell: Frozen Ramparts
  1559 | D:2      | Learned a level 3 spell: Ozocubu's Armour
  1946 | D:3      | Noticed a sky beast
  1956 | D:3      | Killed a sky beast
  1957 | D:3      | Reached skill level 5 in Ice Magic
  1957 | D:3      | Reached XP level 4. HP: 15/24 MP: 2/12
  1957 | D:3      | Reached XP level 5. HP: 17/28 MP: 2/13
  2174 | D:3      | You fall into a shaft and drop 2 floors!
  2174 | D:5      | Entered Level 5 of the Dungeon
  2197 | D:5      | Killed from afar by a white imp

Illustrated notes

Levels and vault maps discovered:
D:1:      heliophobic_arrival_ceremonial_halls, layout_basic,
          chequers_ecumenical_altar_grove, st_stairs_4, lemuel_old_faithful
D:2:      layout_loops_cross, wander_ebering_terrifying_dragon_lair
D:3:      layout_basic, pf_guarded_unrand_meek
D:5:      layout_rooms, minmay_temple_entry_ruins, serial_corexii_hall,
          chequers_hall_statues_corner_a, corexii_hall_statues_s,
          minmay_misc_feat_iff

Skill      XL: |  1  2  3 |
---------------+----------+-----
Stealth        | 3 |  3.0
Dodging        | 3 4 |  4.1
Spellcasting   | 4 |  4.7
Ice Magic      | 5 |  5.4

Action                   |  1- 3 |  4- 6 || total
-------------------------+-------+-------++-------
Melee: Short sword       |     5 |     2 ||     7
 Cast: Freeze            |    67 |     5 ||    72
       Frozen Ramparts   |     1 |     1 ||     2
       Ozocubu's Armour  |       |     1 ||     1
Armor: Robe              |    13 |     3 ||    16
Dodge: Dodged            |    41 |     4 ||    45

Table legend: (Time is in decaauts)
 A = Elapsed time spent in this place.
 B = Non-inter-level travel time spent in this place.
 C = Inter-level travel time spent in this place.
 D = Time resting spent in this place.
 E = Time spent auto-exploring this place.
 F = Levels seen in this place.
 G = Mean time per level.
                   A        B        C        D        E       F      G
               +--------+--------+--------+--------+--------+-----+--------+
         Total |   2196 |   2118 |     78 |    100 |   1688 |   4 |  549.0 |
       Dungeon |   2196 |   2118 |     78 |    100 |   1688 |   4 |  549.0 |
               +--------+--------+--------+--------+--------+-----+--------+

Top non-repeatable levels by time:
     D:1: 1015 daAuts
     D:2: 880 daAuts
     D:3: 277 daAuts
     D:5: 22 daAuts
